 Dungeon Crawl Stone Soup version 0.30.0-10-gfe55d96785 (webtiles) character file.

Game seed: 11289680071525184532

9585 sasquatch the Destroyer (level 11, 0/54 HPs)
             Began as a Tengu Fire Elementalist on May 13, 2023.
             Was a Priest of Vehumet.
             Slain by Harold
             ... wielding a +0 war axe
              (11 damage)
             ... on level 11 of the Dungeon.
             The game lasted 00:26:18 (11832 turns).

sasquatch the Destroyer (Tengu Fire Elementalist)  Turns: 11832, Time: 00:26:19

Health: 0/54       AC:  8    Str: 12    XL:     11   Next: 48%
Magic:  7/23       EV:  7    Int: 19    God:    Vehumet [***...]
Gold:   1322       SH:  0    Dex: 16    Spells: 12/25 levels left

rFire   . . .        m - +7 quick blade of Gloom {venom, rElec Dex+2}
rCold   . . .        (no shield)
rNeg    . . .        H - +2 ring mail {Will+}
rPois   .            (helmet restricted)
rElec   +            F - +0 cloak
rCorr   .            (no gloves)
SInv    +            (boots unavailable)
Will    ++...        M - amulet of regeneration
Stlth   +            e - ring of willpower
HPRegen 1.09/turn    f - ring of see invisible
MPRegen 0.18/turn

%: no passive effects
@: flying quickly and evasively, held, studying Stealth, quick
A: beak, talons 3, nimble flight, large bone plates 1, sense surroundings 1,
strong 1
a: Renounce Religion


You were on level 11 of the Dungeon.
You worshipped Vehumet.
Vehumet was most pleased with you.
You visited 3 branches of the dungeon, and saw 15 of its levels.
You also visited: Bailey.

You collected 1322 gold pieces.

Inventory:

Hand Weapons
 m - the +7 quick blade of Gloom (weapon) {venom, rElec Dex+2}
   (You acquired it on level 9 of the Dungeon)

   Dex:       It affects your dexterity (+2).
   rElec:     It insulates you from electricity.
Missiles
 t - 3 throwing nets
Armour
 a - a +0 robe
 F - a +0 cloak (worn)
 H - a +2 ring mail of willpower (worn)
Jewellery
 e - a ring of willpower (left hand)
 f - a ring of see invisible (right hand)
 z - a ring of magical power
 C - an amulet of the acrobat
 M - an amulet of regeneration (around neck)
Wands
 y - a wand of light (8)
 B - a wand of polymorph (14)
 E - a wand of mindburst (27)
 K - a wand of charming (3)
 L - a wand of iceblast (4)
Scrolls
 c - 2 scrolls of amnesia
 d - 2 scrolls of torment
 g - a scroll of immolation
 i - 3 scrolls of magic mapping
 j - 2 scrolls of poison {unknown}
 k - 2 scrolls of summoning {unknown}
 p - 3 scrolls of teleportation {unknown}
 q - 2 scrolls of vulnerability {unknown}
 r - 2 scrolls of fear
 s - 2 scrolls of blinking {unknown}
 w - 2 scrolls of silence {unknown}
 x - a scroll of enchant armour {unknown}
 G - a scroll of fog {unknown}
 J - a scroll of brand weapon {unknown}
Potions
 b - 3 potions of magic
 h - a potion of heal wounds
 n - 3 potions of invisibility
 o - a potion of brilliance
 u - 2 potions of lignification
 v - a potion of curing
 A - a potion of cancellation {unknown}
 D - 2 potions of might
Miscellaneous
 I - a box of beasts


   Skills:
 + Level 2.5 Short Blades
 - Level 2.1 Dodging
 - Level 2.0 Stealth
 - Level 7.5 Spellcasting
 - Level 14.2 Conjurations
 - Level 12.5 Fire Magic


You had 12 spell levels left.
You knew the following spells:

 Your Spells              Type           Power      Damage    Failure   Level
a - Foxfire               Conj/Fire      100%       2x1d9     1%          1
b - Scorch                Fire           100%       2d9       1%          2
c - Inner Flame           Hex/Fire       30%        N/A       1%          3
d - Volatile Blastmotes   Fire/Tloc      60%        2d15      1%          3
e - Flame Wave            Conj/Fire      55%        2d13      1%          4

Your spell library contained the following spells:

 Spells                   Type           Power      Damage    Failure   Level
 Fulminant Prism          Conj/Hex       17%        3d10      3%          4
 Ensorcelled Hibernation  Hex/Ice        14%        N/A       32%         2
 Passwall                 Tmut/Erth      5%         N/A       32%         2
 Swiftness                Air            7%         N/A       54%         3


Dungeon Overview and Level Annotations

Branches:
Dungeon (13/15)            Temple (1/1) D:4            Lair (1/5) D:8
    Orc (0/2) D:10         Bailey (visited)
 Vaults: D:13-14

Altars:
Ashenzari
Cheibriados
Dithmenos
Elyvilon
Fedhas
Gozag
Hepliaklqana
Nemelex Xobeh
Okawaru
Qazlal
Ru
Sif Muna
Trog
Uskayaw
Vehumet
Wu Jian
Xom
Yredelemnul
Zin
The Shining One

Shops:
D:1 ?

Annotations:
D:11 Harold
D:12 Maurice
Temple 2 transporters


Innate Abilities, Weirdness & Mutations

You have a beak for a mouth.
You have claws for feet.
Your magical nature lets you fly swiftly and evasively.
You are partially covered in large bone plates. (SH +4)
You passively map a small area around you.
Your muscles are strong. (Str +4, Int/Dex -1)


Message History

Press: ? - help, Dir - look around, f - activate A wave of flame ripples out! (Press . to intensify the flame waves.) Unknown command.
A wave of flame ripples out!
The flame wave engulfs Harold.
Harold is lightly wounded.
Harold hits you with a +0 war axe.
Unknown command.
A wave of flame ripples out!
The flame wave engulfs Harold!!
Harold is heavily wounded.
You finish channelling waves of flame.
Harold hits you with a +0 war axe!!
Unknown command.
Casting: Flame Wave (safe; 1% risk of failure)
Confirm with . or Enter, or press ? or * to list all spells.
Flames lash Harold.
Harold is heavily wounded.
Harold's fire resistance burns away.
Harold hits you with a +0 war axe!
Unknown command.
Casting: Scorch (safe; 1% risk of failure)
Confirm with . or Enter, or press ? or * to list all spells.
Casting: Flame Wave (safe; 1% risk of failure)
Press: ? - help, Dir - look around, f - activate A wave of flame ripples out!
The flame wave engulfs Harold!
Harold is burned terribly!
Harold is severely wounded. (Press . to intensify the flame waves.) Harold hits you with a +0 war axe.
A wave of flame ripples out!
The flame wave engulfs Harold!
Harold is burned terribly!
Harold is severely wounded.
Harold hits you with a +0 war axe!
* * * LOW HITPOINT WARNING * * *
Unknown command.
A wave of flame ripples out!
The flame wave engulfs Harold!
Harold is burned terribly!
Harold is almost dead.
You finish channelling waves of flame.
Harold is no longer more vulnerable to fire.
Harold hits you with a +0 war axe!
You die...

* * .. , , ,
. .. * **
..#.#######
..........#
**
........>.#*
, ,
..........#
+, ,
..........# ,
, ......@@..+
*
..........#**
* ....$.....#
* ,
###########


You could see Harold.

Vanquished Creatures
  Pikel (D:6)
  A black mamba (Lair:1)
  A cane toad (Lair:1)
  A komodo dragon (Lair:1)
  A troll (D:8)
  A blink frog (Lair:1)
  A shadow (D:5)
  4 yaks (D:9)
  2 vampires
  2 wraiths (D:9)
  A basilisk (Lair:1)
  2 steam dragons
  Menkaure (D:7)
  2 water moccasins
  A sky beast (D:7)
  2 black bears (D:6)
  6 ogres
  11 wolves
  7 centaurs
  2 phantoms
  A kobold brigand (D:9)
  8 gnoll sergeants (Bailey)
  7 bullfrogs
  4 scorpions
  10 wights
  3 killer bees (D:7)
  3 howler monkeys
  3 electric eels (D:8)
  2 jellies
  7 gnoll boudas
  An orc priest (D:7)
  9 hounds
  2 iguanas
  4 sleepcaps
  4 orc wizards
  23 gnolls
  15 adders
  A white imp (D:6)
  An ufetubus (D:4)
  3 worms
  2 dart slugs
  21 orcs
  7 ball pythons
  4 bats
  10 endoplasms
  7 giant cockroaches
  14 goblins
  6 hobgoblins
  4 jackals (D:2)
  18 kobolds
  8 quokkas
  4 frilled lizards
  7 rats
273 creatures vanquished.

Vanquished Creatures (others)
  1165 foxfires
1165 creatures vanquished.

Grand Total: 1438 creatures vanquished

Notes
Turn   | Place    | Note
-------+----------+-------------------------------------------
     0 | D:1      | sasquatch the Tengu Fire Elementalist began the quest for
                  | the Orb.
     0 | D:1      | Reached XP level 1. HP: 10/10 MP: 4/4
   157 | D:1      | Reached skill level 2 in Conjurations
   157 | D:1      | Reached XP level 2. HP: 15/15 MP: 4/6
   247 | D:1      | Found Namu's Magic Scroll Emporium.
   597 | D:1      | Reached XP level 3. HP: 19/19 MP: 4/7
  1098 | D:2      | Learned a level 2 spell: Scorch
  1102 | D:2      | Learned a level 3 spell: Inner Flame
  1124 | D:2      | Reached skill level 3 in Conjurations
  1547 | D:2      | Reached XP level 4. HP: 24/24 MP: 4/8
  2144 | D:3      | Reached skill level 4 in Conjurations
  2144 | D:3      | Gained mutation: Your magical nature lets you fly swiftly
                  | and evasively. [Tengu growth]
  2144 | D:3      | Reached XP level 5. HP: 28/28 MP: 0/9
  2246 | D:3      | Learned a level 3 spell: Volatile Blastmotes
  2937 | D:3      | Found a broken altar of Ashenzari.
  2997 | D:4      | Noticed a phantom
  3039 | D:3      | Killed a phantom
  3040 | D:3      | Reached skill level 5 in Fire Magic
  3103 | D:4      | Reached XP level 6. HP: 25/32 MP: 6/11
  3174 | D:4      | Reached skill level 5 in Conjurations
  3407 | D:4      | Reached XP level 7. HP: 33/36 MP: 0/13
  3466 | D:4      | Reached skill level 6 in Conjurations
  4238 | D:4      | Reached skill level 7 in Conjurations
  4284 | D:4      | Found a staircase to the Ecumenical Temple.
  4296 | Temple   | Entered the Ecumenical Temple
  4296 | Temple   | Found a transporter.
  4296 | Temple   | Found a transporter.
  4299 | Temple   | Found a transporter.
  4299 | Temple   | Found a transporter.
  4313 | Temple   | Became a worshipper of Vehumet
  4446 | D:4      | Learned a level 4 spell: Flame Wave
  4480 | D:5      | Entered Level 5 of the Dungeon
  4480 | D:5      | Noticed a shadow
  4487 | D:5      | Reached XP level 8. HP: 9/41 MP: 15/15
  4497 | D:5      | Killed a shadow
  4500 | D:5      | Reached skill level 8 in Conjurations
  5029 | D:5      | Reached * piety under Vehumet
  5029 | D:5      | Offered knowledge of Sandblast by Vehumet.
  5500 | D:6      | Found a shadowy altar of Dithmenos.
  5512 | D:6      | Noticed Pikel
  5521 | D:6      | Killed Pikel
  5522 | D:6      | Reached skill level 5 in Spellcasting
  5522 | D:6      | Reached skill level 9 in Conjurations
  5522 | D:6      | Reached XP level 9. HP: 45/45 MP: 11/17
  5675 | D:6      | Reached skill level 10 in Conjurations
  5811 | D:6      | Found a glowing golden altar of the Shining One.
  6661 | D:7      | Reached skill level 11 in Conjurations
  6760 | D:7      | Reached skill level 10 in Fire Magic
  6832 | D:7      | Reached XP level 10. HP: 33/50 MP: 14/19
  6965 | D:7      | Found a stormy altar of Qazlal.
  6965 | D:7      | Found a bloodstained altar of Trog.
  7055 | D:7      | Noticed Menkaure
  7066 | D:7      | Killed Menkaure
  7538 | D:7      | Reached ** piety under Vehumet
  7538 | D:7      | Offered knowledge of Freeze by Vehumet.
  7819 | D:8      | Reached skill level 12 in Conjurations
  7834 | D:8      | Found a flagged portal.
  7903 | Bailey   | Entered a bailey
  8355 | Bailey   | Offered knowledge of Ignite Poison by Vehumet.
  8901 | Bailey   | Identified the +7 ring mail of a treasure trove {Dex+5}
  9348 | D:8      | Found a staircase to the Lair.
  9599 | D:8      | Reached skill level 13 in Conjurations
  9645 | D:8      | Reached *** piety under Vehumet
  9748 | Lair:1   | Entered Level 1 of the Lair of Beasts
  9886 | Lair:1   | Noticed a black mamba
  9893 | Lair:1   | Killed a black mamba
  9894 | Lair:1   | Reached XP level 11. HP: 26/54 MP: 22/22
 10389 | D:9      | Reached skill level 14 in Conjurations
 10513 | D:9      | Offered knowledge of Fulminant Prism by Vehumet.
 11030 | D:9      | Identified a scroll of acquirement
 11031 | D:9      | Acquired the +7 quick blade of Gloom {venom, rElec Dex+2}
 11261 | D:9      | Reached skill level 1 in Short Blades
 11531 | D:10     | Entered Level 10 of the Dungeon
 11532 | D:10     | Found a staircase to the Orcish Mines.
 11790 | D:10     | You are sucked into a shaft and drop 3 floors!
 11813 | D:12     | Noticed Maurice
 11821 | D:11     | Noticed Harold
 11822 | D:11     | Gained mutation: You are partially covered in large bone
                  | plates. (SH +4) [potion of mutation]
 11822 | D:11     | Gained mutation: Your muscles are strong. (Str +4, Int/Dex
                  | -1) [potion of mutation]
 11822 | D:11     | Gained mutation: You passively map a small area around you.
                  | [potion of mutation]
 11832 | D:11     | Slain by Harold

Illustrated notes

Levels and vault maps discovered:
D:1:      dpeg_arrival_ternary, layout_rooms, serial_shops, shop
D:2:      layout_rooms
D:3:      layout_loops_ring, lemuel_coloured_pillars_altar
D:4:      minmay_polygon_palace, layout_basic, minmay_temple_entry_trees
D:5:      layout_rooms, minmay_manual_moon
D:6:      layout_cave_pods, mainiacjoe_overflow_tiny_flanked,
          grunt_dithmenos_smoke, uniq_pikel
D:7:      layout_loops_ring, gammafunk_temple_overflow_pools, serial_rivers,
          chequers_serial_rivers_room_b, chequers_serial_rivers_micro_b,
          chequers_serial_rivers_micro_e, chequers_serial_rivers_large_b,
          chequers_serial_rivers_small_a, chequers_serial_rivers_small_a,
          uniq_menkaure
D:8:      layout_rooms, erik_lair_island, enter_bailey_5
D:9:      layout_loops_corners
D:10:     gammafunk_jiyva_shrine, layout_irregular_city, david_orc_2,
          gammafunk_ghost_necromancy
D:11:     layout_roguey, gammafunk_ghost_abyssal_escape, uniq_harold
D:12:     evilmike_library_of_no_secrets, layout_cave_pools, fedhas_altar_4,
          uniq_maurice, uniq_rupert, uniq_lodul
D:13:     layout_roguey, skrybe_vaults_entry_preservation,
          ebering_ghost_rock_garden, uniq_nessos
Temple:   hellmonk_temple_divided_pantheon
Lair:1:   layout_hall_layers, st_stairs_7

Skill      XL: |  1  2  3  4  5  6  7  8  9 10 11 |
---------------+----------------------------------+-----
Conjurations   | 2 3 4 5 7 9 11 13 14 | 14.2
Fire Magic     | 4 5 6 8 10 11 12 | 12.5
Spellcasting   | 3 4 5 7 |  7.5
Short Blades   | 2 |  2.5
Dodging        | |  2.1
Stealth        | |  2.0

Action                     |  1- 3 |  4- 6 |  7- 9 | 10-12 || total
---------------------------+-------+-------+-------+-------++-------
  Melee: Unarmed           |     3 |       |       |       ||     3
         Dagger            |     2 |     3 |       |     6 ||    11
         Kick              |     2 |       |       |     7 ||     9
         Peck              |     1 |       |       |     3 ||     4
         Quick blade       |       |       |       |    12 ||    12
   Cast: Foxfire           |    95 |    87 |   164 |   342 ||   688
         Scorch            |       |    10 |    32 |    62 ||   104
         Flame Wave        |       |       |     8 |    11 ||    19
    Use: Scroll            |       |       |     7 |     6 ||    13
         Potion            |       |       |     3 |     4 ||     7
 Armour: Robe              |     3 |     1 |     6 |     3 ||    13
         Ring mail         |       |       |       |    29 ||    29
  Dodge: Dodged            |     7 |    10 |    54 |    95 ||   166
